 Dungeon Crawl Stone Soup version 0.22-a0-609-gfedc9ff (webtiles) character file.

2305 sking99 the Martial Artist (level 9, -1/75 HPs)
             Began as a Pale Draconian Transmuter on July 10, 2018.
             Was a Priest of Ru.
             Slain by a two-headed ogre
             ... wielding a +0 giant club
              (9 damage)
             ... on level 8 of the Dungeon.
             The game lasted 00:16:31 (7869 turns).

sking99 the Martial Artist (DrTm)                   Turns: 7869, Time: 00:16:31

Health: -1/75      AC: 10    Str: 11    XL:     9   Next: 18%
Magic:  7/12       EV: 18    Int: 13    God:    Ru [***...]
Gold:   433        SH:  0    Dex: 15    Spells: 9/12 levels left

rFire    . . .     SeeInvis .     - Unarmed
rCold    + . .     Gourm    .   (no shield)
rNeg     . . .     Faith    .   (armour unavailable)
rPois    .         Spirit   .   (helmet restricted)
rElec    .         Reflect  .   (no cloak)
rCorr    .         Harm     .   (no gloves)
MR       .....                  u - +2 pair of boots
Stlth    +.........             (no amulet)
HPRegen  0.22/turn              m - +2 ring of evasion
MPRegen  0.13/turn              s - ring of protection from cold

@: short of breath, very slightly contaminated
A: breathe steam, unfitting armour, weak 1, cold-blooded, inability to use
devices, AC +7
a: Breathe Steam, Draw Out Power, Renounce Religion


You were on level 8 of the Dungeon.
You worshipped Ru.
Ru was most pleased with you.
You were not hungry.

You visited 1 branch of the dungeon, and saw 8 of its levels.

You collected 433 gold pieces.

Inventory:

Missiles
 a - 174 arrows
Armour
 u - a +2 pair of boots (worn)
Jewellery
 m - a +2 ring of evasion (left hand)
 s - a ring of protection from cold (right hand)
Scrolls
 g - 2 scrolls of enchant armour
 h - 3 scrolls of teleportation
 i - a scroll of immolation
 n - 7 scrolls of remove curse
 o - a scroll of amnesia
 q - a scroll of magic mapping
 r - a scroll of enchant weapon
 t - 2 scrolls of identify
Potions
 b - 2 potions of curing
 d - 2 potions of heal wounds
 e - 2 potions of mutation
 j - 2 potions of flight
 k - a potion of resistance
 l - 4 potions of lignification
 p - a potion of might
Comestibles
 c - 12 rations
 f - 3 chunks of flesh


   Skills:
 + Level 6.2 Fighting
 * Level 5.9 Dodging
 * Level 8.7 Unarmed Combat
 - Level 2.0 Spellcasting
 - Level 4.0 Transmutations


You had 9 spell levels left.
You knew the following spells:

 Your Spells              Type           Power        Failure   Level  Hunger
a - Beastly Appendage     Tmut           ##....       4%          1    ##.....
b - Sticks to Snakes      Tmut           ##......     8%          2    ###....

Your spell library contained the following spells:

 Spells                   Type           Power        Failure   Level  Hunger
 Spider Form              Tmut/Pois      #.........   32%         3    ####...
 Blade Hands              Tmut           ##........   80%         5    ######.
 Ice Form                 Ice/Tmut       #.......     73%         4    #####..


Dungeon Overview and Level Annotations

Branches:
Dungeon (8/15)             Temple (0/1) D:5
   Lair: D:8-11

Altars:
Ru

Annotations:
D:5 exclusion: 2 doors


Innate Abilities, Weirdness & Mutations

You can breathe blasts of scalding, opaque steam.
Your pale cyan-grey scales are hard. (AC +7)
You cannot fit into any form of body armour.
You are weak. (Str -2)
You are cold-blooded and may be slowed by cold attacks.
You cannot study or use magical devices.


Message History

You exhale a blast of scalding steam.
The ball of steam hits the two-headed ogre.
The two-headed ogre is lightly wounded.
You feel somewhat more hungry.
The two-headed ogre is engulfed in a cloud of scalding steam.
The two-headed ogre barely misses you. x2
You hit the two-headed ogre.
Your tail-slap misses the two-headed ogre.
The two-headed ogre is lightly wounded.
Your ball python barely misses the two-headed ogre.
The two-headed ogre is engulfed in a cloud of scalding steam.
You hit the two-headed ogre.
The two-headed ogre is moderately wounded.
The two-headed ogre closely misses you.
The two-headed ogre hits you with a giant club!!
* * * LOW HITPOINT WARNING * * *
The phantom closely misses you. The phantom misses you.
The two-headed ogre hits you with a giant club!
You die...

###################
..........@.....$## #
###.####.####OW...... ..
#.....# # #.####.##
##.##.#>#.##.####S####.#
...........>..........$###
.###.#.#.######..........
#..<..# #..####.###
#.#####.### #..# #
......#.# #..#


You could see a two-headed ogre, a phantom and a friendly ball python.

Vanquished Creatures
  A hippogriff (D:7)
  An orc warrior (D:7)
  A sky beast (D:8)
  2 ogres
  A centaur (D:5)
  2 bullfrogs
  2 scorpions (D:5)
  3 killer bees (D:7)
  4 howler monkeys (D:7)
  3 crimson imps
  A quasit (D:7)
  2 centaur zombies
  A hound (D:7)
  2 jellies
  An orc priest (D:7)
  A centaur skeleton (D:5)
  3 iguanas
  Jessica (D:3)
  Natasha (D:2)
  6 orc wizards
  3 worker ants
  A hound skeleton (D:5)
  2 worker ant zombies (D:5)
  Robin (D:2)
  11 gnolls
  A howler monkey skeleton (D:5)
  12 adders
  2 shadow imps
  2 oozes (D:1)
  An adder zombie (D:6)
  3 adder skeletons
  3 dart slugs
  5 worms
  5 leopard geckos
  22 orcs
  4 giant cockroaches
  14 goblins
  9 hobgoblins
  11 jackals
  5 quokkas
  A ball python (D:2)
  7 bats
  A frilled lizard (D:2)
  A giant cockroach zombie (D:6)
  9 kobolds
  5 rats
180 creatures vanquished.

Notes
Turn   | Place    | Note
-------+----------+-------------------------------------------
     0 | D:1      | sking99 the Draconian Transmuter began the quest for the Orb.
     0 | D:1      | Reached XP level 1. HP: 16/16 MP: 3/3
   425 | D:1      | Reached XP level 2. HP: 14/23 MP: 5/5
  1042 | D:2      | Reached XP level 3. HP: 25/29 MP: 4/6
  1089 | D:2      | Learned a level 2 spell: Sticks to Snakes
  1238 | D:2      | Noticed Natasha
  1249 | D:2      | Killed Natasha
  1249 | D:2      | Reached skill level 4 in Unarmed Combat
  1249 | D:2      | Reached XP level 4. HP: 15/36 MP: 5/7
  1500 | D:2      | Noticed Robin
  1537 | D:2      | Killed Robin
  2585 | D:3      | Reached XP level 5. HP: 36/42 MP: 6/8
  2720 | D:3      | Noticed Jessica
  2735 | D:3      | Killed Jessica
  3485 | D:4      | Reached skill level 5 in Unarmed Combat
  3790 | D:4      | Reached XP level 6. HP: 32/51 MP: 9/9
  3936 | D:4      | Found a sacrificial altar of Ru.
  3962 | D:4      | Became a worshipper of Ru the Awakened
  4855 | D:5      | Entered Level 5 of the Dungeon
  4869 | D:5      | HP: 2/52 [centaur (7)]
  5105 | D:5      | Reached skill level 6 in Unarmed Combat
  5239 | D:5      | Found a staircase to the Ecumenical Temple.
  5304 | D:5      | Your scales start taking on a pale cyan-grey colour.
  5304 | D:5      | Reached XP level 7. HP: 53/59 MP: 10/10
  6083 | D:5      | Gained mutation: You cannot study or use magical devices. [Ru sacrifice]
  6083 | D:5      | Reached * piety under Ru
  6083 | D:5      | Reached ** piety under Ru
  6490 | D:6      | Reached skill level 7 in Unarmed Combat
  6490 | D:6      | Reached XP level 8. HP: 51/67 MP: 11/11
  6673 | D:6      | Reached skill level 5 in Fighting
  7181 | D:7      | Noticed a hippogriff
  7197 | D:7      | Killed a hippogriff
  7197 | D:7      | Reached skill level 5 in Dodging
  7197 | D:7      | Reached skill level 8 in Unarmed Combat
  7218 | D:7      | Reached XP level 9. HP: 40/75 MP: 12/12
  7758 | D:8      | Noticed a two-headed ogre
  7808 | D:8      | Gained mutation: You are weak. (Str -2) [Ru sacrifice]
  7808 | D:8      | Reached *** piety under Ru
  7869 | D:8      | Slain by a two-headed ogre

Vault maps used:
D:1:      minmay_arrival_doors, moated_statue
D:2:      first_ration, uniq_robin, uniq_natasha
D:3:      uniq_jessica
D:4:      nicolae_ru_great_annihilating_truth
D:5:      cheibrodos_two_vegetables, minmay_temple_entry_mist
D:6:      grunt_ministairs_11
D:7:      st_stairs_4
D:8:      lemuel_round_altar, serial_shops, shop

Skill      XL: |  1  2  3  4  5  6  7  8 |
---------------+-------------------------+-----
Fighting       | 2 3 4 6 |  6.2
Unarmed Combat | 4 5 6 7 8 |  8.7
Transmutations | 3 4 |  4.0
Dodging        | 3 5 |  5.9
Spellcasting   | |  2.0

Action                   |  1- 3 |  4- 6 |  7- 9 || total
-------------------------+-------+-------+-------++-------
Melee: Unarmed           |   108 |   314 |   242 ||   664
       Tailslap          |    10 |    31 |    29 ||    70
       Kick              |     1 |    14 |       ||    15
       Headbutt          |     1 |    16 |     7 ||    24
       Punch             |       |     5 |     9 ||    14
 Cast: Beastly Appendage |     3 |    16 |     1 ||    20
       Sticks to Snakes  |       |     1 |     5 ||     6
Invok: Sacrifice Artific |       |       |     1 ||     1
       Sacrifice Purity  |       |       |     1 ||     1
 Abil: Breathe Steam     |       |       |    25 ||    25
  Use: Scroll            |       |    10 |     7 ||    17
       Potion            |       |     3 |       ||     3
  Eat: Chunk             |     1 |    14 |    11 ||    26
Armor: Skin              |    38 |    71 |    48 ||   157
Dodge: Dodged            |    80 |   196 |   167 ||   443

Table legend:
 A = Spawn XP
 B = Non-spawn XP
 C = Spawn XP percentage of total XP
 D = Spawn monster count
 E = Non-spawn monster count
 F = Spawn count percentage of total count
 G = Total turns spent on level
                    A         B        C        D         E        F      G
               +---------+---------+-------+---------+---------+-------+---------
         Total |       0 |    3293 |   0.0 |       0 |     180 |   0.0 |  7869
               +---------+---------+-------+---------+---------+-------+---------
           D:1 |       0 |      33 |   0.0 |       0 |      15 |   0.0 |  1272
           D:2 |       0 |     140 |   0.0 |       0 |      33 |   0.0 |  1101
           D:3 |       0 |      91 |   0.0 |       0 |      21 |   0.0 |  1063
           D:4 |       0 |     285 |   0.0 |       0 |      25 |   0.0 |  1710
           D:5 |       0 |     696 |   0.0 |       0 |      30 |   0.0 |  1149
           D:6 |       0 |     473 |   0.0 |       0 |      16 |   0.0 |   663
           D:7 |       0 |    1362 |   0.0 |       0 |      33 |   0.0 |   814
           D:8 |       0 |     213 |   0.0 |       0 |       7 |   0.0 |    97
               +---------+---------+-------+---------+---------+-------+---------
